 Dungeon Crawl Stone Soup version 0.25-a0-1024-gbfbf38f2cb (webtiles) character file.

Game seed: 7673055248787174769, levelgen mode: deterministic

19 Flugslaktarn the Skirmisher (level 2, -1/24 HPs)
             Began as a Mummy Fighter on May 12, 2020.
             Slain by a kobold (2 damage)
             ... on level 1 of the Dungeon.
             The game lasted 00:00:15 (537 turns).

Flugslaktarn the Skirmisher (Mummy Fighter)          Turns: 537, Time: 00:00:16

Health: -1/24      AC:  6    Str: 19    XL:     2   Next: 55%
Magic:  2/2        EV:  7    Int:  7    God:
Gold:   17         SH:  8    Dex: 11    Spells: 1/1 levels left

rFire    x . .     SeeInvis .   a - +0 war axe
rCold    + . .     Gourm    .   c - +0 kite shield
rNeg     + + +     Faith    .   b - +0 scale mail
rPois    ∞         Spirit   .   (no helmet)
rElec    .         Reflect  .   (no cloak)
rCorr    .         Harm     .   (no gloves)
MR       .....                  (no boots)
Stlth    ..........             (no amulet)
HPRegen  0.08/turn              (no ring)
MPRegen  0.08/turn              (no ring)

@: no status effects
A: no food or potions, fire vulnerability, cold resistance 1, negative energy
resistance 3, torment resistance, unbreathing
a: no special abilities


You were on level 1 of the Dungeon.
You were not hungry.

You visited 1 branch of the dungeon, and saw 1 of its levels.

You collected 17 gold pieces.

Inventory:

Hand Weapons
 a - a +0 war axe (weapon)
Armour
 b - a +0 scale mail (worn)
 c - a +0 kite shield (worn)
Jewellery
 e - an uncursed ring of flight {unknown}
   (You found it on level 1 of the Dungeon)
Scrolls
 d - a scroll of noise {unknown}


   Skills:
 + Level 3.2 Fighting
 * Level 2.0 Axes
 + Level 2.6 Armour
 + Level 2.6 Shields


You had one spell level left.
You didn't know any spells.
Your spell library was empty.

Dungeon Overview and Level Annotations

Branches:
Dungeon (1/15)

Altars:


Innate Abilities, Weirdness & Mutations

You do not eat or drink.
Your flesh is vulnerable to fire.
You are immune to poison.
Your flesh is cold resistant. (rC+)
You are immune to negative energy. (rN+++)
You are immune to unholy pain and torment.
You can survive without breathing.


Message History

The kobold is moderately wounded.
The kobold hits you.
* * * LOW HITPOINT WARNING * * *
You block the kobold's attack.
You hit the kobold but do no damage.
The kobold is moderately wounded.
The kobold hits you.
* * * LOW HITPOINT WARNING * * *
You barely miss the kobold.
The kobold is moderately wounded.
You block the kobold's attack. The kobold barely misses you.
You barely miss the kobold.
The kobold is moderately wounded.
You block the kobold's attack.
Unknown command.
Your shield and scale mail prevent you from hitting the kobold.
The kobold is moderately wounded.
You block the kobold's attack. The kobold hits you but does no damage.
You completely miss the kobold. The kobold hits you.
You die...

≈..................
...................
≈.............#####
≈.......#.##### #####
≈.......#.# ####....#
≈.......#.# #.......#
≈.......#.# #.......#
........#.# #K).....#
≈.......#.######@†.....#
...####.......(........#
. #.##.####.###....# .(#
#.##......# ...#
..#####.##..#.#.# ..#
..............#.# .#
.######.#####.#.# #
.##.........#.#..
.##.....###.# #.#


You could see a kobold.

Vanquished Creatures
  4 bats (D:1)
  2 goblins (D:1)
  2 hobgoblins (D:1)
  2 jackals (D:1)
  2 kobolds (D:1)
  A frilled lizard (D:1)
  4 rats (D:1)
17 creatures vanquished.

Notes
Turn   | Place    | Note
-------+----------+-------------------------------------------
     0 | D:1      | Flugslaktarn the Mummy Fighter began the quest for the Orb.
     0 | D:1      | Reached XP level 1. HP: 18/18 MP: 1/1
   185 | D:1      | Reached XP level 2. HP: 21/24 MP: 2/2
   533 | D:1      | HP: 1/24 [kobold (2)]
   537 | D:1      | Slain by a kobold

Illustrated notes

Levels and vault maps discovered:
D:1:      evilmike_arrival_hilbert_curve, layout_basic, minmay_misc_feat_plants,
          kennysheep_small_spiral

Skill      XL: |  1  2 |
---------------+-------+-----
Axes           | 2 |  2.0
Fighting       | |  3.2
Armour         | |  2.6
Shields        | |  2.6

Action                   || total
-------------------------++-------
Melee: War axe           ||    59
Armor: Scale mail        ||    32
Dodge: Dodged            ||    32
Block: Kite shield       ||    41

Table legend:
 A = Non-vault XP
 B = Vault XP
 C = Vault XP percentage of total XP
 D = Non-vault monster count
 E = Vault monster count
 F = Vault count percentage of total count
                 A         B        C        D         E       F
            +---------+---------+-------+---------+---------+-------
      Total |      28 |       0 |   0.0 |      17 |       0 |   0.0
            +---------+---------+-------+---------+---------+-------
        D:1 |      28 |       0 |   0.0 |      17 |       0 |   0.0
            +---------+---------+-------+---------+---------+-------
